 Dungeon Crawl Stone Soup version 0.30.1-11-g7821555f0a (webtiles) character file.

Game seed: 16718306876669102039

193968 Lutefisk the Severer (level 17, -25/153 (156) HPs)
             Began as a Hill Orc Reaver on Nov 25, 2023.
             Was the Champion of Beogh.
             Annihilated by an enormous slime creature (47 damage)
             ... on level 2 of the Vaults on Nov 26, 2023.
             The game lasted 03:31:12 (19010 turns).

Lutefisk the Severer (Hill Orc Reaver)             Turns: 19010, Time: 03:31:13

HP:   -25/153 (156) AC: 19    Str: 26      XL:     17   Next: 89%
MP:   28/28         EV: 19    Int: 14 (16) God:    Beogh [******]
Gold: 2344          SH: 19    Dex: 13      Spells: 11/20 levels left

rFire   + . .        a - +0 broad axe (freeze)
rCold   . . .        w - +1 tower shield {AC+3}
rNeg    . . .        j - +2 troll leather armour {Snorg}
rPois   .            t - +1 helmet of Elyvilon's Envy {Int+3 SInv}
rElec   .            M - +0 cloak of Painted Brilliance {Rampage Str+4}
rCorr   .            B - +0 pair of gloves of the Iron City of Dis {Fly Str+3}
SInv    +            n - +0 pair of boots
Will    +....        Y - amulet of the acrobat
Stlth   ++           P - +5 ring of evasion
HPRegen 1.25/turn    D - ring of protection from fire
MPRegen 0.21/turn

%: acrobat, rampage
@: about to teleport, marked, flying, lightly drained
A: walk on water, screaming 1
}: 2/15 runes: barnacled, gossamer
a: Renounce Religion, Smiting, Recall Orcish Followers, Give Item to Named
Follower, Resurrection


You were on level 2 of the Vaults.
You worshipped Beogh.
Beogh was exalted by your worship.
You visited 6 branches of the dungeon, and saw 30 of its levels.
You also visited: Gauntlet.

You collected 2979 gold pieces.
You spent 635 gold pieces at shops.

Inventory:

Hand Weapons
 a - a +0 broad axe of freezing (weapon)
Missiles
 p - 7 curare-tipped darts (quivered)
 C - 9 silver javelins
 L - 3 throwing nets
Armour
 j - a +2 troll leather armour (worn) {Snorg}
 n - a +0 pair of boots (worn)
 t - the +1 helmet of Elyvilon's Envy (worn) {Int+3 SInv}
   (You found it on level 3 of the Dungeon)

   Int:       It affects your intelligence (+3).
   SInv:      It lets you see invisible.
 w - a +1 tower shield of protection (worn)
 B - the +0 pair of gloves of the Iron City of Dis (worn) {Fly Str+3}
   (You found it on level 5 of the Dungeon)

   Str:       It affects your strength (+3).
   Fly:       It grants you flight.
 K - a scarf of resistance
 M - the +0 cloak of Painted Brilliance (worn) {Rampage Str+4}
   (You found it in a Gauntlet)

   Str:       It affects your strength (+4).
   Rampage:   It bestows one free step when moving towards enemies.
 S - +1 gold dragon scales
Jewellery
 D - a ring of protection from fire (right hand)
 H - a ring of resist corrosion
 J - a ring of poison resistance
 P - a +5 ring of evasion (left hand)
 Y - an amulet of the acrobat (around neck)
Wands
 q - a wand of charming (22)
 s - a wand of iceblast (9)
 x - a wand of quicksilver (14)
 N - a wand of digging (5)
 V - a wand of mindburst (14)
 Z - a wand of polymorph (6)
Scrolls
 c - 5 scrolls of immolation
 e - a scroll of brand weapon
 f - 3 scrolls of silence
 g - 7 scrolls of enchant armour
 i - 3 scrolls of enchant weapon
 l - 3 scrolls of fog
 m - 5 scrolls of vulnerability
 r - 3 scrolls of teleportation
 z - 3 scrolls of magic mapping
 G - 2 scrolls of poison
 U - 4 scrolls of amnesia
Potions
 b - 4 potions of resistance
 d - a potion of magic
 h - 5 potions of flight
 k - 6 potions of heal wounds
 o - 3 potions of berserk rage
 v - 2 potions of cancellation
 A - 4 potions of brilliance
 E - 4 potions of lignification
 F - 6 potions of might
 I - 5 potions of attraction
 O - 8 potions of ambrosia
 Q - a potion of invisibility
 T - 8 potions of mutation
 W - 10 potions of curing
 X - 6 potions of haste
Miscellaneous
 u - a phantom mirror (inert)
 y - a box of beasts
 R - a phial of floods


   Skills:
 - Level 15.0 Fighting
 - Level 18.0 Axes
 - Level 1.0 Throwing
 - Level 15.0 Armour
 * Level 8.1 Dodging
 - Level 4.0 Stealth
 - Level 15.0 Shields
 - Level 2.0 Spellcasting
 - Level 5.0 Conjurations
 - Level 6.0 Fire Magic
 - Level 1.0 Earth Magic
 - Level 15.0 Invocations
 * Level 6.3 Evocations


You had 11 spell levels left.
You knew the following spells:

 Your Spells              Type           Power      Damage    Failure   Level
a - Kiss of Death         Conj/Necr      32%        2d7       22%         1
b - Momentum Strike       Conj/Tloc      16%        3d8       32%         2
c - Passwall              Tmut/Erth      1%         N/A       58%         2
d - Sticky Flame          Conj/Fire      16%        2d4       52%         4

Your spell library contained the following spells:

 Spells                   Type           Power      Damage    Failure   Level
 Foxfire                  Conj/Fire      64%        2x1d7     6%          1
 Magic Dart               Conj           60%        1d6       8%          1
 Sandblast                Erth           8%         2d5       36%         1
 Stone Arrow              Conj/Erth      18%        3d8       45%         3
 Volatile Blastmotes      Fire/Tloc      18%        2d11      45%         3
 Apportation              Tloc           2%         N/A       52%         1
 Necrotise                Necr           4%         1d4       52%         1
 Summon Small Mammal      Summ           4%         N/A       52%         1
 Dazzling Flash           Conj/Hex       16%        N/A       54%         3
 Hailstorm                Conj/Ice       8%         3d4       54%         3
 Ignite Poison            Fire/Tmut/Pois 7%         N/A       61%         3
 Blink                    Tloc           2%         N/A       65%         2
 Call Imp                 Summ           2%         N/A       65%         2
 Lesser Beckoning         Tloc           2%         N/A       65%         2
 Poisonous Vapours        Pois/Air       2%         N/A       65%         2
 Mephitic Cloud           Conj/Pois/Air  6%         N/A       67%         3
 Fireball                 Conj/Fire      8%         3d6       86%         5
 Frozen Ramparts          Ice            2%         1d1       87%         3
 Portal Projectile        Hex/Tloc       2%         N/A       87%         3
 Vhi's Electric Charge    Tloc/Air       2%         N/A       87%         3
 Fulminant Prism          Conj/Hex       4%         3d5       91%         4
 Iskenderun's Mystic Bla  Conj/Tloc      8%         2d4       91%         4
 Anguish                  Hex/Necr       0%         N/A       99%         4
 Ice Form                 Ice/Tmut       1%         N/A       99%         4
 Summon Ice Beast         Ice/Summ       1%         N/A       99%         4
 Arcjolt                  Conj/Air       4%         1d14      99%         5
 Agony                    Necr           1%         N/A       100%        5
 Alistair's Intoxication  Tmut/Pois      0%         N/A       100%        5
 Borgnjor's Vile Clutch   Necr/Erth      1%         N/A       100%        5
 Freezing Cloud           Conj/Ice/Air   3%         6-21      100%        5
 Lee's Rapid Deconstruct  Erth           2%         3d4*      100%        5
 Metabolic Englaciation   Hex/Ice        0%         N/A       100%        5
 Silence                  Hex/Air        0%         N/A       100%        5
 Summon Forest            Summ/Tloc      0%         N/A       100%        5
 Summon Mana Viper        Hex/Summ       1%         N/A       100%        5
 Eringya's Noxious Bog    Tmut/Pois      0%         N/A       100%        6
 Plasma Beam              Fire/Air       4%         2x1d16    100%        6
 Starburst                Conj/Fire      8%         6d4       100%        6
 Monstrous Menagerie      Summ           0%         N/A       100%        7
 Summon Hydra             Summ           0%         N/A       100%        7
 Ignition                 Fire           9%         3d5       100%        8


Dungeon Overview and Level Annotations

Branches:
Dungeon (14/15)            Temple (0/1) D:4            Lair (5/5) D:8
 Shoals (4/4) Lair:3       Spider (4/4) Lair:2          Orc (1/2) D:12
 Vaults (1/5) D:13        Gauntlet (visited)
  Slime: Lair:4-5

Altars:
Ashenzari
Cheibriados
Fedhas
Hepliaklqana
Okawaru
Sif Muna
Trog
Vehumet
Wu Jian
Jiyva

Shops:
D:1 ?   D:4 (   D:5 *   Shoals:3 !

Annotations:
Lair:4 exclusion: 4 oklob plants
Shoals:3 3 runed translucent doors, Liimbo's ghost, adept FoWn; Teryn's ghost, journeyman DsAK
Vaults:2 Mennas


Innate Abilities, Weirdness & Mutations

You can walk on water.
You occasionally shout uncontrollably at your foes.


Message History

You slash the enormous slime creature! You freeze the enormous slime creature.
The enormous slime creature is almost dead.
You hit the ironbound thunderhulk. You freeze the ironbound thunderhulk.
The vault sentinel blows a loud note on a signal horn!
You block the enormous slime creature's attack.
The ironbound thunderhulk misses you.
A vault warden comes into view. It is wielding a +0 war axe.
You slash the enormous slime creature! You freeze the enormous slime creature.
The enormous slime creature is almost dead.
You slash the ironbound thunderhulk! You freeze the ironbound thunderhulk.
You block the enormous slime creature's attack.
Unknown command.
You slice the enormous slime creature!! You freeze the enormous slime creature.
The enormous slime creature is almost dead.
You hit the ironbound thunderhulk. You freeze the ironbound thunderhulk.
The ironbound thunderhulk hits you with a +0 dire flail!
Unknown command.
You slash the enormous slime creature! You freeze the enormous slime creature.
The enormous slime creature is almost dead.
You closely miss the ironbound thunderhulk.
You block the enormous slime creature's attack.
The vault warden activates a sealing rune.
A door slams shut!
Unknown command.
You barely miss the enormous slime creature.
The enormous slime creature is almost dead.
You barely miss the ironbound thunderhulk.
The ironbound thunderhulk hits you with a +0 dire flail!
The enormous slime creature misses you.
Something unseen opens the door.
Unknown command.
You barely miss the enormous slime creature.
The enormous slime creature is almost dead.
You slash the ironbound thunderhulk! You freeze the ironbound thunderhulk.
The enormous slime creature hits you!!!
* * * LOW HITPOINT WARNING * * *
The ironbound thunderhulk hits you with a +0 dire flail!
* * * LOW HITPOINT WARNING * * *
As you read the scroll of teleportation, it crumbles to dust.
You feel strangely unstable. The enormous slime creature hits you!!!
You die...

##################
#.........#......#
#.#######.#......# #.#
#O#......# #####.#
.#@#......# #...'.#.
.#J#......# #...#.#..
..#p#......#
#...#.#.....#u#.†....#
p.####.###'###uJ......#
...
#.)#[.8...8pp#......#
..
+..).......pp######## u
#..#.........#
####.........#


You could see a vault warden, an ironbound thunderhulk, 2 vault guards, 2 ugly
things, an enormous slime creature (sheltered), a slime creature, a vault
sentinel and a wizard (invisible).

Vanquished Creatures
  Gastronok (Lair:2)
  Ilsuiw (Shoals:4)
  3 ghost moths
  2 emperor scorpions (Spider:4)
  2 ironbound preservers (Vaults:2)
  A broodmother (Spider:1)
  A minotaur (Gauntlet)
  3 spark wasps (Spider:4)
  Josephine (Lair:4)
  A merfolk impaler (Shoals:3)
  A great orb of eyes (Vaults:2)
  An entropy weaver (Gauntlet)
  Harold (Orc:1)
  A hydra (Lair:4)
  A rakshasa (D:9)
  2 centaur warriors
  2 jorogumos (Spider:4)
  3 boulder beetles
  An ironbound frostheart (Vaults:2)
  A ghost crab (Spider:2)
  A catoblepas (Lair:5)
  3 merfolk avatars (Shoals:4)
  An ogre mage (D:8)
  An alligator snapping turtle (Shoals:3)
  3 merfolk aquamancers
  2 radroaches
  4 death yaks (Lair:5)
  A two-headed ogre (D:8)
  A satyr (Shoals:3)
  Erica (Orc:1)
  A tengu warrior (D:14)
  An orc high priest (Orc:1)
  3 skeletal warriors
  A skyshark (Shoals:1)
  5 pharaoh ants
  5 sea snakes
  4 deep trolls (Vaults:2)
  2 steelbarb worms
  6 orb spiders
  3 harpies
  5 lindwurms
  A wizard (Vaults:2)
  7 wolf spiders
  2 necromancers (Vaults:2)
  An ironbound convoker (Vaults:2)
  A deep elf zephyrmancer (D:9)
  3 deep elf pyromancers
  2 ugly things
  3 cyclopes
  7 manticores
  8 fauns
  A black mamba (Lair:5)
  3 moths of wrath
  An elf zombie (Vaults:2)
  2 water nymphs
  5 elephants
  3 merfolk sirens
  A vault sentinel (Vaults:2)
  A torpor snail (Spider:1)
  2 unseen horrors
  6 demonic crawlers
  Maggie (D:7)
  2 cane toads (Lair:5)
  A kobold demonologist (D:9)
  A freezing wraith (Vaults:2)
  A rime drake (Lair:5)
  4 komodo dragons
  4 merfolk
  3 wind drakes
  5 meliai
  An elf skeleton (Vaults:2)
  24 tarantellas
  12 hornets
  A raiju (Gauntlet)
  2 tyrant leeches (Spider:2)
  A tarantella (shapeshifter) (D:13)
  An ettin zombie (Vaults:2)
  A blink frog (shapeshifter) (D:13)
  A blink frog (Lair:1)
  3 dream sheep
  A centaur simulacrum (D:14)
  3 slime creatures (Gauntlet)
  12 culicivoras
  A vampire (D:11)
  9 jumping spiders
  A shadow (D:11)
  4 wraiths
  21 yaks
  2 basilisks
  Eustachio (D:7)
  4 wyverns
  A water elemental (Shoals:2)
  3 hogs (D:14)
  4 steam dragons
  22 redbacks
  Menkaure (D:7)
  9 vampire mosquitoes
  An acid dragon (D:8)
  6 water moccasins
  5 orc warriors
  2 ice beasts
  6 black bears
  5 wolves (Lair:2)
  6 centaurs
  4 ogres
  2 phantoms
  4 kobold brigands
  3 gnoll sergeants
  5 bullfrogs
  5 scorpions
  3 wights
  2 electric eels
  3 howler monkeys
  3 hounds
  3 jellies (Gauntlet)
  A human simulacrum (Vaults:2)
  A gnoll bouda (D:7)
  2 orc priests
  2 sleepcaps
  3 iguanas
  14 orc wizards
  21 gnolls
  4 adders
  2 shadow imps
  An ufetubus (D:6)
  A worm (D:2)
  2 dart slugs
  29 orcs
  5 bats
  6 endoplasms
  A giant cockroach (D:2)
  11 goblins
  9 hobgoblins
  3 jackals (D:1)
  4 quokkas
  5 ball pythons
  2 frilled lizards
  9 kobolds
  3 rats
521 creatures vanquished.

Vanquished Creatures (collateral kills)
  Kirke (D:14)
  An ironbound preserver (D:13)
  Snorg (Lair:4)
  5 merfolk javelineers (Shoals:4)
  An entropy weaver (Spider:4)
  6 merfolk impalers
  3 hydras
  2 catoblepae (Lair:5)
  7 centaur warriors
  A radroach (Spider:4)
  A jorogumo (Spider:4)
  2 merfolk aquamancers
  A death knight (D:13)
  3 satyrs (Shoals:4)
  2 two-headed ogres (D:11)
  2 boulder beetles (D:14)
  9 death yaks
  Sonja (Lair:4)
  5 skysharks
  3 pharaoh ants
  7 sea snakes
  2 orb spiders (Spider:4)
  A wizard (D:14)
  A phantasmal warrior (D:13)
  2 steelbarb worms (Spider:4)
  A lindwurm (Vaults:1)
  12 harpies
  An orc sorcerer (D:9)
  A deep elf pyromancer (D:9)
  An ugly thing (D:12)
  5 cyclopes
  4 wolf spiders
  13 elephants
  15 manticores
  5 merfolk sirens
  13 fauns
  2 demonic crawlers (Spider:4)
  4 black mambas
  5 water nymphs
  A cane toad (Lair:1)
  2 torpor snails
  2 gargoyles (D:12)
  2 unseen horrors
  3 rime drakes
  4 komodo dragons
  3 efreet
  6 wind drakes
  2 trolls
  3 meliai
  15 merfolk
  A polar bear (Lair:4)
  3 tarantellas
  A hornet (D:9)
  8 dream sheep
  3 tyrant leeches (Spider:2)
  3 blink frogs (Lair:1)
  A slime creature (D:8)
  9 snapping turtles
  3 shadows
  3 jumping spiders (Spider:4)
  7 water elementals
  36 yaks
  3 wyverns
  6 culicivoras
  A vampire (D:13)
  2 hogs (D:14)
  4 wraiths
  2 basilisks
  3 vampire mosquitoes (Spider:2)
  6 redbacks
  A harpy simulacrum (D:14)
  11 water moccasins
  A black bear (Lair:1)
  An ice beast (D:8)
  4 orc warriors
  An ogre (D:12)
  15 wolves
  5 centaurs
  A kobold brigand (D:9)
  2 bullfrogs
  3 gnoll sergeants (D:12)
  3 scorpions (Lair:2)
  3 wights (D:10)
  3 howler monkeys
  An orc wizard (D:8)
  4 gnolls
  A worm (Lair:2)
  4 orcs
  A giant cockroach (Lair:2)
  4 kobolds (D:9)
369 creatures vanquished.

Vanquished Creatures (others)
  An orc warlord (Shoals:4)
  2 orc sorcerers
  An orc knight (D:14)
  2 wolf spiders
  A cyclops (Orc:1)
  2 orc warriors
  A troll (D:9)
  2 jumping spiders
  2 yaks (D:9)
  A human (D:14)
  A redback (Gauntlet)
  2 orc priests (Spider:2)
  6 orc wizards
  A gnoll (D:9)
  16 orcs
41 creatures vanquished.

Grand Total: 931 creatures vanquished

Notes
Turn   | Place    | Note
-------+----------+-------------------------------------------
     0 | D:1      | Lutefisk the Hill Orc Reaver began the quest for the Orb.
     0 | D:1      | Reached XP level 1. HP: 18/18 MP: 3/3
    22 | D:1      | Reached XP level 2. HP: 16/25 MP: 4/4
   225 | D:1      | Reached skill level 1 in Armour
   343 | D:1      | Reached XP level 3. HP: 28/31 MP: 5/5
   357 | D:1      | Reached skill level 1 in Stealth
   856 | D:2      | Reached XP level 4. HP: 32/36 MP: 6/6
   873 | D:2      | Learned a level 2 spell: Momentum Strike
   910 | D:1      | Found Esatzi's Magic Scroll Shoppe.
   918 | D:1      | Bought a scroll of identify for 22 gold pieces
   918 | D:1      | Bought a scroll of teleportation for 33 gold pieces
  1015 | D:3      | Identified the +1 helmet of Elyvilon's Envy {Int+3 SInv}
  1240 | D:2      | Reached skill level 1 in Evocations
  1278 | D:2      | Reached XP level 5. HP: 17/47 MP: 7/7
  1405 | D:3      | Reached skill level 5 in Fighting
  1689 | D:3      | Found a hazy altar of Hepliaklqana.
  1698 | D:4      | Noticed a black bear
  1705 | D:4      | Killed a black bear
  1706 | D:4      | Reached skill level 1 in Throwing
  1706 | D:4      | Reached XP level 6. HP: 51/57 MP: 8/8
  1708 | D:4      | Became a worshipper of Beogh the Brigand
  1793 | D:4      | Found a staircase to the Ecumenical Temple.
  1799 | D:4      | Found Kaele's Antique Weapon Emporium.
  1924 | D:5      | Entered Level 5 of the Dungeon
  2297 | D:4      | Reached XP level 7. HP: 47/62 MP: 9/9
  2373 | D:4      | Reached * piety under Beogh
  2641 | D:5      | Identified the +0 pair of gloves of the Iron City of Dis
                  | {Fly Str+3}
  2687 | D:5      | Reached skill level 1 in Invocations
  2714 | D:5      | Found Sekhleq's Overcharged Wands.
  2890 | D:5      | Reached XP level 8. HP: 59/73 MP: 10/10
  3030 | D:6      | Found a radiant altar of Vehumet.
  3033 | D:6      | Found an iron altar of Okawaru.
  3033 | D:6      | Found a bloodstained altar of Trog.
  3034 | D:6      | Found an ornate altar of the Wu Jian Council.
  3451 | D:7      | Noticed Menkaure
  3456 | D:7      | Killed Menkaure
  3457 | D:7      | Reached skill level 5 in Armour
  3482 | D:7      | Noticed a wyvern
  3497 | D:7      | Killed a wyvern
  3498 | D:7      | Reached XP level 9. HP: 66/81 MP: 12/12
  3541 | D:7      | Reached ** piety under Beogh
  3600 | D:7      | Noticed Eustachio
  3740 | D:7      | Killed Eustachio
  3741 | D:7      | Reached skill level 1 in Shields
  3787 | D:7      | Identified the +10 dagger "Loasiynk" {heavy, rN+ MP+9 Str+4
                  | Int+2}
  3818 | D:7      | Noticed Maggie
  3838 | D:7      | Killed Maggie
  3889 | D:7      | Reached skill level 10 in Fighting
  4001 | D:8      | Found a blossoming altar of Fedhas.
  4061 | D:8      | Learned a level 2 spell: Passwall
  4097 | D:8      | Reached skill level 5 in Shields
  4236 | D:7      | Learned a level 4 spell: Sticky Flame
  4335 | D:8      | Reached skill level 1 in Fire Magic
  4350 | D:8      | Reached skill level 1 in Earth Magic
  4396 | D:8      | Identified the +2 mace of the Head {flame, rC+ rN+}
  4471 | D:8      | Reached XP level 10. HP: 63/93 MP: 13/13
  4522 | D:8      | Noticed a two-headed ogre
  4590 | D:8      | Killed a two-headed ogre
  4706 | D:8      | Identified the +7 dagger of Visupe {venom, Fragile Str+5
                  | Dex+4}
  4733 | D:8      | Noticed a manticore
  4741 | D:8      | Killed a manticore
  4755 | D:8      | Reached skill level 5 in Conjurations
  4785 | D:8      | Noticed an ogre mage
  4785 | D:8      | Noticed a cyclops
  4841 | D:8      | Reached skill level 5 in Fire Magic
  4950 | D:8      | Found a staircase to the Lair.
  4956 | Lair:1   | Entered Level 1 of the Lair of Beasts
  5057 | Lair:1   | Noticed a death yak
  5058 | Lair:1   | Noticed a torpor snail
  5262 | D:9      | Noticed an orc sorcerer
  5569 | D:9      | Reached *** piety under Beogh
  5592 | D:9      | Noticed a deep elf zephyrmancer
  5604 | D:9      | Killed a deep elf zephyrmancer
  5614 | D:9      | HP: 4/95 [efreet/fireball (9)]
  6051 | D:9      | Noticed a cyclops
  6057 | D:9      | Paralysed by a hornet for 2 turns
  6064 | D:10     | Entered Level 10 of the Dungeon
  6384 | D:10     | Reached XP level 11. HP: 68/102 MP: 14/14
  6617 | D:9      | Found a shimmering blue altar of Sif Muna.
  6693 | D:9      | Noticed a deep elf pyromancer
  6696 | D:9      | Killed a deep elf pyromancer
  6701 | D:9      | Noticed a cyclops
  6706 | D:9      | Killed a cyclops
  6710 | D:9      | Got the Almanac of Charms
  6749 | D:9      | Noticed a centaur warrior
  6757 | D:9      | Killed a centaur warrior
  6763 | D:9      | Gained Garbold as an ally
  7083 | D:9      | Killed an orc sorcerer
  7155 | D:9      | Killed a cyclops
  7264 | D:10     | Reached skill level 10 in Shields
  7270 | D:10     | Reached **** piety under Beogh
  7601 | D:10     | Reached skill level 5 in Invocations
  7813 | Lair:1   | Noticed a death yak
  7817 | Lair:1   | Killed a death yak
  7818 | Lair:1   | Reached skill level 5 in Axes
  7818 | Lair:1   | Reached XP level 12. HP: 67/112 MP: 16/16
  7820 | Lair:1   | Killed a death yak
  7821 | Lair:1   | Reached skill level 6 in Axes
  8067 | Lair:2   | Noticed Gastronok
  8077 | Lair:2   | Killed Gastronok
  8146 | Lair:2   | Reached skill level 5 in Dodging
  8192 | Lair:2   | Found a hole to the Spider Nest.
  8193 | Lair:2   | Reached skill level 7 in Axes
  8212 | Lair:2   | Reached ***** piety under Beogh
  8507 | Lair:3   | Reached skill level 8 in Axes
  8611 | Lair:3   | Noticed a skyshark
  8619 | Lair:3   | Killed a skyshark
  8799 | Lair:3   | Found a staircase to the Shoals.
  8810 | Lair:3   | Reached skill level 10 in Armour
  8811 | Lair:3   | Reached skill level 9 in Axes
  8917 | Lair:4   | Noticed Josephine
  8922 | Lair:4   | Killed Josephine
  8929 | Lair:4   | Reached skill level 10 in Axes
  8932 | Lair:4   | Gained Argrim as an ally
  8942 | Lair:4   | Reached XP level 13. HP: 78/118 MP: 7/17
  9138 | Lair:4   | Found a gate leading to a gauntlet.
  9157 | Gauntlet | Entered a Gauntlet
  9157 | Gauntlet | Found a transporter.
  9166 | Gauntlet | Found a transporter.
  9167 | Gauntlet | Found a transporter.
  9180 | Gauntlet | Found a transporter.
  9182 | Gauntlet | Found a transporter.
  9185 | Gauntlet | Noticed a blizzard demon
  9186 | Gauntlet | Noticed a dire elephant
  9191 | Gauntlet | Found a transporter.
  9210 | Gauntlet | Found a transporter.
  9217 | Gauntlet | Found a transporter.
  9224 | Gauntlet | Noticed an entropy weaver
  9227 | Gauntlet | Found a transporter.
  9241 | Gauntlet | Found a transporter.
  9250 | Gauntlet | Found a transporter.
  9252 | Gauntlet | Found a transporter.
  9320 | Gauntlet | Found a transporter.
  9387 | Gauntlet | Killed an entropy weaver
  9403 | Gauntlet | Identified the +0 cloak of Painted Brilliance {Rampage
                  | Str+4}
  9439 | Gauntlet | Noticed a minotaur
  9445 | Gauntlet | Killed a minotaur
  9446 | Gauntlet | Reached skill level 11 in Axes
  9462 | Gauntlet | Identified the +6 broad axe of Foul Odours {chaos, rF+}
  9466 | Gauntlet | Identified the +0 long sword of Quick Death {flame, rElec
                  | rN++ MP+9 Dex+3}
  9470 | Gauntlet | Identified the +0 hand crossbow of Gaetid {heavy, rF+}
  9471 | Gauntlet | Got the Compendium of Orientation
  9480 | Gauntlet | Identified a scroll of acquirement
  9480 | Gauntlet | Acquired 805 gold pieces
  9498 | Lair:4   | Noticed Sonja
  9504 | Lair:4   | Killed Sonja
  9596 | Lair:4   | Noticed Snorg
  9602 | Lair:4   | Killed Snorg
  9632 | Lair:4   | Found a viscous altar of Jiyva.
  9687 | Lair:5   | Entered Level 5 of the Lair of Beasts
  9704 | Lair:5   | Reached skill level 12 in Axes
 10190 | Lair:5   | Reached XP level 14. HP: 102/130 MP: 20/20
 10325 | Lair:5   | Identified the ring of Detexug {Fire Int+5 Stlth+}
 11400 | D:12     | Found a staircase to the Orcish Mines.
 11531 | D:13     | Reached ****** piety under Beogh
 11599 | D:13     | Found a gate to the Vaults.
 11599 | D:13     | Noticed an ironbound preserver
 11612 | D:13     | Killed an ironbound preserver
 11641 | D:13     | Reached skill level 13 in Axes
 11821 | D:14     | Reached skill level 10 in Invocations
 11986 | D:14     | Found a broken altar of Ashenzari.
 12104 | D:14     | Reached skill level 14 in Axes
 12172 | D:14     | Noticed Kirke
 12191 | D:14     | Killed Kirke
 12203 | D:14     | Found a snail-covered altar of Cheibriados.
 12238 | D:14     | Reached XP level 15. HP: 41/138 MP: 18/22
 12245 | D:14     | Reached skill level 15 in Axes
 12297 | D:14     | Identified the +5 trident "Rieson" {holy, Will+}
 12556 | Orc:1    | Entered Level 1 of the Orcish Mines
 12556 | Orc:1    | Noticed Erica
 12671 | D:12     | Reached skill level 16 in Axes
 13119 | Shoals:1 | Entered Level 1 of the Shoals
 13578 | Shoals:2 | Reached skill level 17 in Axes
 13776 | Shoals:2 | Reached skill level 18 in Axes
 13785 | Shoals:2 | Gained Arkwar as an ally
 14183 | Shoals:3 | Found Ugeeluw's Distillery.
 14191 | Shoals:3 | Bought a potion of curing for 30 gold pieces
 14191 | Shoals:3 | Bought a potion of mutation for 80 gold pieces
 14191 | Shoals:3 | Bought a potion of heal wounds for 50 gold pieces
 14191 | Shoals:3 | Bought 2 potions of haste for 200 gold pieces
 14191 | Shoals:3 | Bought a potion of mutation for 80 gold pieces
 14191 | Shoals:3 | Bought a potion of mutation for 80 gold pieces
 14191 | Shoals:3 | Bought a potion of curing for 30 gold pieces
 14191 | Shoals:3 | Bought a potion of curing for 30 gold pieces
 14199 | Shoals:3 | Found a runed translucent gate.
 14199 | Shoals:3 | Found a runed translucent gate.
 14200 | Shoals:3 | Found a runed translucent gate.
 14201 | Shoals:3 | Noticed Liimbo's ghost (adept FoWn)
 14201 | Shoals:3 | Noticed Teryn's ghost (journeyman DsAK)
 14370 | Shoals:4 | Entered Level 4 of the Shoals
 14376 | Shoals:4 | Reached XP level 16. HP: 131/146 MP: 19/23
 14412 | Shoals:4 | Identified the +2 great sword of Lexte {venom, Int+4 Dex+8}
 14469 | Shoals:4 | Your ally Garbold died
 14479 | Shoals:4 | Reached skill level 5 in Evocations
 14511 | Shoals:4 | Got a barnacled rune of Zot
 14731 | Shoals:4 | Noticed Ilsuiw
 14760 | Shoals:4 | Your ally Argrim died
 15214 | Shoals:4 | Killed Ilsuiw
 15412 | Spider:1 | Entered Level 1 of the Spider Nest
 15941 | Spider:1 | Identified the +9 rapier "Eclipnui" {chaos, rN+ rCorr}
 16306 | Spider:2 | Gained Bolgrim as an ally
 16640 | Spider:3 | Reached XP level 17. HP: 142/152 MP: 23/27
 16723 | Spider:4 | Entered Level 4 of the Spider Nest
 16827 | Spider:4 | Identified the +3 helmet "Tiff" {rPois}
 16960 | Spider:4 | HP: 6/145 [pharaoh ant (30)]
 17079 | Spider:4 | Reached skill level 15 in Fighting
 17469 | Spider:4 | Reached skill level 15 in Invocations
 17746 | Spider:4 | Reached skill level 15 in Armour
 17863 | Spider:4 | Got a gossamer rune of Zot
 18501 | Orc:1    | Gained mutation: You occasionally shout uncontrollably at
                  | your foes. [a neqoxec]
 18512 | Orc:1    | Killed Erica
 18513 | Orc:1    | Noticed Harold
 18525 | Orc:1    | Killed Harold
 18526 | Orc:1    | Gained Blodwig as an ally
 18639 | Vaults:1 | Entered Level 1 of the Vaults
 18675 | Vaults:1 | You are sucked into a shaft and drop 1 floor!
 18750 | Vaults:2 | Paralysed by a great orb of eyes for 3 turns
 18811 | Vaults:2 | Noticed Mennas
 18841 | Vaults:2 | Reached skill level 15 in Shields
 19010 | Vaults:2 | Annihilated by an enormous slime creature

Illustrated notes

Levels and vault maps discovered:
D:1:      minmay_arrival_wavy_path, layout_basic, serial_shops,
          nicolae_shop_just_a_little_nook, chequers_arboretum
D:2:      layout_basic
D:3:      layout_basic, lemuel_crystal_altar
D:4:      layout_gridville, minmay_temple_entry_drinking_statues, serial_shops,
          shop, grunt_decor_resistance, chequers_serial_rivers_large_b,
          grunt_tough_drop
D:5:      cheibrodos_quashed, layout_rooms, nicolae_shop_overcharged_wands
D:6:      layout_basic, grunt_temple_overflow_open
D:7:      layout_basic, sword_in_stone, uniq_menkaure, uniq_maggie,
          uniq_crazy_yiuf_cottage
D:8:      nzn_winding_woodlands_three_and_one
          [nzn_winding_woodlands_5x15_zeroes, nzn_winding_woodlands_5x15_eye,
          nzn_winding_woodlands_5x15_split_checker,
          nzn_winding_woodlands_center_lodge], layout_loops_ring,
          fedhas_altar_1, grunt_lair_entry_orc_guard_hut,
          minmay_splitting_lines, nicolae_concentric_dashed_squares_mild,
          serial_bayou_pond_d, kennysheep_generic_room_13
D:9:      minmay_the_grid_net [minmay_the_grid_tri_star,
          minmay_the_grid_medium_cups, minmay_the_grid_minigrid_small,
          minmay_the_grid_stretched_grid, minmay_the_grid_outer_circle,
          minmay_the_grid_prize_shrinking_boxes], layout_irregular_city,
          mainiacjoe_overflow_alcove_4, serial_column_ruins,
          column_ruins_courtyard_long, column_ruins_open_small,
          column_ruins_open_medium, column_ruins_grid_3, column_ruins_grid_2,
          chequers_serial_rivers_marsh, hex_medium
D:10:     layout_stronghold
D:11:     layout_basic
D:12:     layout_gridville, kennysheep_orc_monster_closet_entryway
D:13:     layout_rooms, skrybe_vaults_entry_preservation, ldierk_geyser,
          lemuel_blue_sif_altar
D:14:     minmay_bloctagon, layout_loops_ring, nicolae_ashenzari_skybound,
          kennysheep_slug_shrine, uniq_kirke
Lair:1:   layout_layer_cave, minivault_19, grunt_megastairs_5
Lair:2:   layout_cave_pods, nicolae_spider_entry_non_spiders, uniq_gastronok
Lair:3:   layout_misc_corridors, minmay_shoals_entry_beasts, grunt_megastairs_2
Lair:4:   layout_cave_pods, minmay_slime_entry_oklob_open,
          gauntlet_entry_generic, uniq_josephine, uniq_sonja, uniq_snorg
Lair:5:   evilmike_catoblepas_cave, layout_regular_city
Shoals:1: layout_shoals
Shoals:2: layout_shoals
Shoals:3: layout_shoals, serial_shops, nicolae_shop_industrial_runoff,
          gammafunk_ghost_cemetery, ldierk_geyser
Shoals:4: shoals_end_grunt_garden, layout_shoals, shoal_ilsuiw
Spider:1: layout_spider_delve, nicolae_spider_eight_legs,
          hangedman_spider_tarantella_strand
Spider:2: layout_spider_delve, nicolae_spider_swamp_cousins
Spider:3: layout_spider_delve
Spider:4: spider_rune_water, hellmonk_spider_spawner, uniq_donald
Orc:1:    layout_caves, minmay_shop_enchanted_jewellery, mines2_david,
          uniq_harold, uniq_erica
Vaults:1: nicolae_vaults_trapezoid_1, nicolae_vaults_surprise_closet, v_misc_4,
          nicolae_vaults_oval_intersection, nicolae_vaults_network_quinsquares
          [nicolae_vaults_network_quincunx_subvault,
          nicolae_vaults_network_quincunx_subvault,
          nicolae_vaults_network_quincunx_subvault,
          nicolae_vaults_network_quincunx_subvault], v_rooms_2,
          nicolae_vaults_big_ls, vaults_mumra_hex, vaults_dpeg_hooks,
          ontoclasm_vaults_ring_square, nicolae_vaults_double_plus_3,
          layout_vaults_maze
Vaults:2: nicolae_vaults_ring_of_whatevers, minmay_crypt_entry_simple_plaza,
          v_misc_18, nicolae_vaults_diamond_2, nicolae_vaults_network_barrier,
          vaults_dpeg_diagonal, nicolae_vaults_double_plus_2,
          ontoclasm_vaults_ring_small, layout_vaults_omnigrid, uniq_zenata,
          uniq_aizul, uniq_jory, uniq_mennas

Skill      XL: |  1  2  3  4  5  6  7  8  9 10 11 12 13 14 15 16 17 |
---------------+----------------------------------------------------+-----
Armour         | 1 2 3 4 5 6 8 10 12 13 15 | 15.0
Fighting       | 3 4 5 6 7 8 10 11 12 13 14 15 | 15.0
Stealth        | 1 2 4 |  4.0
Dodging        | 2 3 4 6 7 8 |  8.1
Evocations     | 1 3 4 6 |  6.3
Throwing       | 1 |  1.0
Invocations    | 1 4 6 8 10 13 15 | 15.0
Spellcasting   | 2 |  2.0
Shields        | 5 8 10 12 13 15 | 15.0
Fire Magic     | 1 5 6 |  6.0
Earth Magic    | 1 |  1.0
Conjurations   | 5 |  5.0
Axes           | 5 10 12 14 18 | 18.0

Action                     |  1- 3 |  4- 6 |  7- 9 | 10-12 | 13-15 | 16-18 || total
---------------------------+-------+-------+-------+-------+-------+-------++-------
  Melee: Hand axe          |   135 |     3 |       |       |       |       ||   138
         Punch             |     2 |     3 |     6 |       |       |       ||    11
         Whip              |       |   206 |   362 |   188 |       |       ||   756
         Dagger            |       |       |    16 |    42 |       |       ||    58
         Broad axe         |       |       |       |   159 |   591 |   894 ||  1644
         Scimitar          |       |       |       |       |     7 |       ||     7
  Throw: Dart              |       |     2 |     4 |    14 |     3 |     1 ||    24
         Throwing net      |       |       |     1 |       |       |       ||     1
   Cast: Kiss of Death     |     1 |       |       |       |       |       ||     1
         Sticky Flame      |       |       |       |       |       |     4 ||     4
 Invoke: Convert to Beogh  |       |     1 |       |       |       |       ||     1
         Smiting           |       |       |     1 |     5 |    21 |    29 ||    56
         Recall Orcish Fol |       |       |       |     1 |     5 |    13 ||    19
         Give Item to Name |       |       |       |       |     2 |       ||     2
  Evoke: Wand              |       |       |     8 |     3 |     4 |     4 ||    19
         Phial of floods   |       |       |       |       |     1 |       ||     1
         Phantom mirror    |       |       |       |       |       |     3 ||     3
    Use: Potion            |       |     2 |       |     1 |     2 |     6 ||    11
         Scroll            |       |     3 |     2 |     9 |    16 |    14 ||    44
   Stab: Distracted        |       |       |       |     4 |    13 |     3 ||    20
         Sleeping          |       |       |       |     1 |     1 |     3 ||     5
         Paralysed         |       |       |       |       |     8 |       ||     8
 Armour: Leather armour    |    38 |       |    43 |    84 |       |       ||   165
         Ring mail         |     8 |    94 |   125 |       |       |       ||   227
         Troll leather arm |       |       |       |    59 |   221 |   205 ||   485
  Dodge: Dodged            |    66 |   132 |   271 |   216 |   378 |   682 ||  1745
  Block: Kite shield       |       |       |       |   237 |   422 |   499 ||  1158
         Tower shield      |       |       |       |       |       |   183 ||   183
